 Dungeon Crawl Stone Soup version 0.26-a0-1213-gd52f5182fe (webtiles) character file.

Game seed: 5498591137286831656

99040 biomisha the Eclecticist (level 15, -9/73 HPs)
             Began as a Spriggan Conjurer on Dec 30, 2020.
             Was a High Priest of Vehumet.
             Killed from afar by a will-o-the-wisp (21 damage)
             ... with a foxfire
             ... on level 2 of the Swamp on Dec 31, 2020.
             The game lasted 04:07:57 (38467 turns).

biomisha the Eclecticist (Spriggan Conjurer)       Turns: 38467, Time: 04:08:00

Health: -9/73      AC:  7    Str:  6    XL:     15   Next: 76%
Magic:  15/37      EV: 31    Int: 29    God:    Vehumet [*****.]
Gold:   2103       SH:  0    Dex: 15    Spells: 21/49 levels left

rFire    . . .     SeeInvis +   g - +3 dagger
rCold    . . .     Faith    .   (shield restricted)
rNeg     . . .     Spirit   .   S - +2 robe {Will+}
rPois    .         Reflect  .   R - +0 hat {Will+}
rElec    .         Harm     .   e - +2 cloak
rCorr    .         Rampage  .   (gloves unavailable)
Will     ++++.                  (boots unavailable)
Stlth    ++++++....             M - amulet of magic regeneration
HPRegen  0.22/turn              y - +6 ring of intelligence
MPRegen  0.50/turn              m - +4 ring of evasion

@: very quick
A: very small, unfitting armour, see invisible, speed 3
a: Renounce Religion


You were on level 2 of the Swamp.
You worshipped Vehumet.
Vehumet was extremely pleased with you.
You visited 5 branches of the dungeon, and saw 24 of its levels.
You also visited: Ossuary.

You collected 2372 gold pieces.
You spent 269 gold pieces at shops.

Inventory:

Hand Weapons
 g - a +3 dagger (weapon)
Missiles
 w - 20 poisoned darts (quivered)
Armour
 e - a +2 cloak (worn)
 K - the +1 hat of Imecw {rC+}
   (You found it on level 1 of the Lair of Beasts)

   It protects you from cold.
 P - a +2 robe of fire resistance
 R - a +0 hat of willpower (worn)
 S - a +2 robe of willpower (worn)
Jewellery
 c - an uncursed ring of protection from fire
 m - a +4 ring of evasion (right hand)
 y - a +6 ring of intelligence (left hand)
 G - a +4 ring of slaying
 M - an amulet of magic regeneration (around neck)
 O - an uncursed ring of magical power
Wands
 h - a wand of digging (7)
 l - a wand of random effects (12)
 r - a wand of iceblast (20)
 A - a wand of polymorph (17)
 F - a wand of flame (35)
Scrolls
 a - a scroll of teleportation
 j - 4 scrolls of blinking
 k - a scroll of noise
 n - 2 scrolls of fear
 s - 8 scrolls of remove curse
 t - 2 scrolls of magic mapping
 u - 2 scrolls of amnesia
 x - 2 scrolls of summoning
 z - a scroll of immolation
 B - 3 scrolls of fog
 D - a scroll of vulnerability
 H - a scroll of holy word
 I - a scroll of silence
Potions
 b - 4 potions of curing
 d - 5 potions of heal wounds
 f - 5 potions of brilliance
 i - 3 potions of lignification
 o - 4 potions of might
 p - 2 potions of mutation
 q - 5 potions of attraction
 v - 2 potions of flight
 C - 2 potions of haste
 E - 3 potions of magic
 J - a potion of cancellation
 L - a potion of resistance
 Q - a potion of ambrosia {unknown}


   Skills:
 * Level 5.7 Fighting
 + Level 6.0 Short Blades
 * Level 11.8 Dodging
 * Level 16.0 Stealth
 + Level 17.6 Spellcasting
 + Level 11.0 Conjurations
 + Level 6.0 Hexes
 + Level 9.7 Translocations
 + Level 2.3 Air Magic
 + Level 8.4 Poison Magic


You had 21 spell levels left.
You knew the following spells:

 Your Spells              Type           Power        Failure   Level
a - Magic Dart            Conj           100%         0%          1
b - Searing Ray           Conj           100%         1%          2
c - Dazzling Flash        Conj/Hex       100%         1%          3
d - Iskenderun's Mystic   Conj/Tloc      72%          1%          4
e - Slow                  Hex            57%          1%          2
f - Mephitic Cloud        Conj/Pois/Air  61%          1%          3
g - Olgreb's Toxic Radia  Pois           65%          1%          4
h - Hailstorm             Conj/Ice       55%          1%          4
i - Yara's Violent Unrav  Hex/Tmut       21%          4%          5

Your spell library contained the following spells:

 Spells                   Type           Power        Failure   Level
 Animate Skeleton         Necr           50%          1%          1
 Apportation              Tloc           100%         1%          1
 Corona                   Hex            63%          1%          1
 Freeze                   Ice            100%         1%          1
 Sting                    Tmut/Pois      100%         1%          1
 Summon Small Mammal      Summ           100%         1%          1
 Poisonous Vapours        Pois/Air       100%         1%          2
 Conjure Flame            Conj/Fire      55%          1%          3
 Frozen Ramparts          Ice            50%          1%          3
 Ignite Poison            Fire/Tmut/Pois 41%          1%          3
 Inner Flame              Hex/Fire       43%          1%          3
 Portal Projectile        Hex/Tloc       100%         1%          3
 Cause Fear               Hex            28%          1%          4
 Fulminant Prism          Conj/Hex       33%          1%          4
 Leda's Liquefaction      Hex/Erth       21%          4%          4
 Ozocubu's Armour         Ice            25%          5%          3
 Freezing Cloud           Conj/Ice/Air   25%          11%         6
 Summon Ice Beast         Ice/Summ       25%          17%         4


Dungeon Overview and Level Annotations

Branches:
Dungeon (13/15)            Temple (0/1) D:7            Lair (6/6) D:10
  Swamp (2/4) Lair:4        Snake (0/4) Lair:4          Orc (2/2) D:9
    Elf (1/3) Orc:2        Vaults (0/5) D:13        Ossuary (visited)
  Slime: Lair:5-6

Altars:
Ashenzari
Elyvilon
Hepliaklqana
Kikubaaqudgha
Makhleb
Qazlal
Ru
Sif Muna
Uskayaw
Vehumet
Wu Jian
Zin
The Shining One
Beogh
Lugonu

Shops:
D:5 }   Orc:1 **!!   Orc:2 *=!*

Portals:
Abyss: Lair:6

Annotations:
D:7 4 runed translucent doors
D:9 2 runed translucent doors, exclusion: orange crystal statue, Demosthentine's ghost, journeyman FoFi
Lair:1 1 runed translucent door, Maimakterion's ghost, journeyman VSEn
Lair:3 exclusion: 4 oklob plants
Lair:6 exclusion: oklob plant


Innate Abilities, Weirdness & Mutations

You are very small and have problems with some larger weapons.
You are too small for most types of armour.
You have supernaturally acute eyesight. (SInv)
You cover ground extremely quickly.


Message History

You feel your power returning. The foxfire hits you!!
Casting: Iskenderun's Mystic Blast (safe; 1% risk of failure)
Confirm with . or Enter, or press ? or * to list all spells.
Aiming: Searing Ray (safe; 1% risk of failure)
Press: ? - help, Shift-Dir - straight line, f - will-o-the-wisp
Aim: a will-o-the-wisp (moderately damaged, 17% to evade)
The searing ray hits the will-o-the-wisp.
The will-o-the-wisp is heavily damaged. (Press . to maintain the ray.)
The will-o-the-wisp gestures.
The will-o-the-wisp conjures some foxfire! 2 foxfires come into view.
The searing ray hits the foxfire!
The foxfire is lightly damaged.
The searing ray hits the will-o-the-wisp.
The will-o-the-wisp is heavily damaged.
The foxfire hits you!!
* * * LOW HITPOINT WARNING * * *
The foxfire hits you!!
You die...

♣.≈.♣♣ ♣<♣ ♣♣.≈..♣♣ ♣.♣
..≈. ♣......♣ ♣≈♣ ≈≈≈<≈
♣..≈≈≈♣♣ ♣.♣ ..≈≈.≈
.≈..≈.♣♣ ♣.♣♣ .§≈≈.≈
.§≈≈..≈♣♣♣..♣♣ §v♣≈.)
..≈≈≈.≈≈.....♣ ♣§..≈..
♣.≈≈≈.≈≈≈♣..♣♣♣♣♣v≈≈.≈≈≈
♣§...>.≈.♣♣≈♣♣♣.@.≈≈...≈
♣≈≈§.≈§§≈♣♣≈.♣.≈≈≈♣≈≈≈≈≈
♣.≈≈..≈.≈..≈≈≈...≈≈.≈≈.≈
♣≈≈≈≈.≈≈≈.≈≈≈♣♣♣.≈§≈≈≈..
♣........♣≈≈≈.♣♣♣≈..≈♣≈♣
...♣♣♣♣♣.♣≈≈♣(..♣♣♣...≈.
♣♣♣♣.....♣≈≈≈≈≈..≈ .♣♣♣≈
......)..♣≈...≈≈≈≈ .♣
...♣♣♣♣♣.♣..≈≈≈≈.≈


You could see a will-o-the-wisp.

Vanquished Creatures
  Rupert (D:12)
  2 bunyips (Swamp:1)
  6 dire elephants (Lair:6)
  An eleionoma (Swamp:2)
  4 ogre magi (Orc:2)
  9 hydras
  Harold (D:8)
  A boulder beetle (D:12)
  6 alligators
  3 anacondas
  16 two-headed ogres (Orc:2)
  5 death yaks (Lair:5)
  Urug (Lair:2)
  An orc high priest (Orc:2)
  4 goliath frogs
  An unseen horror (D:13)
  2 spriggan druids (Swamp:1)
  3 bog bodies (Swamp:1)
  A lindwurm (Lair:5)
  Pikel (D:5)
  An orc knight (Orc:1)
  A deep elf mage (Elf:1)
  A will-o-the-wisp (Swamp:1)
  An orc sorcerer (Orc:2)
  An ugly thing (D:12)
  3 cyclopes
  8 elephants (Lair:6)
  A centaur zombie (D:10)
  Maurice (D:12)
  2 centaur skeletons
  7 black mambas
  7 cane toads
  A gargoyle (D:11)
  A torpor snail (Lair:5)
  5 rime drakes
  13 komodo dragons
  3 trolls
  2 tyrant leeches (Swamp:1)
  7 hornets
  A bloated husk (Swamp:2)
  Grinder (D:6)
  17 blink frogs
  4 dream sheep (Lair:4)
  3 slime creatures (D:13)
  Sigmund (D:5)
  7 spriggans
  4 humans (D:9)
  2 tarantellas (Lair:1)
  3 wyverns
  51 yaks
  Eustachio (D:5)
  6 basilisks
  4 swamp worms (Swamp:1)
  3 wargs (Orc:2)
  4 nagas (Lair:4)
  An acid dragon (D:10)
  6 vampire mosquitoes
  18 water moccasins
  A soldier ant (D:11)
  7 ice beasts
  A sky beast (D:8)
  A necrophage (D:8)
  3 swamp drakes
  21 orc warriors
  2 black bears
  35 ogres
  6 phantoms
  4 wolves
  An eye of draining (D:10)
  10 centaurs
  4 big kobolds
  18 bullfrogs
  An elf zombie (Ossuary)
  A wyvern zombie (D:12)
  3 gnoll sergeants
  A wyvern skeleton (D:8)
  2 scorpions
  5 killer bees (D:12)
  6 wights
  3 howler monkeys
  An electric eel (Lair:1)
  3 bullfrog zombies
  7 hounds
  3 jellies
  3 bullfrog skeletons
  16 orc priests
  An iguana (D:7)
  22 orc wizards
  7 worker ants
  A killer bee zombie (D:8)
  3 big kobold zombies (Ossuary)
  A hound skeleton (D:4)
  2 hound zombies (Ossuary)
  4 mummies
  A howler monkey zombie (D:9)
  2 worker ant zombies
  15 adders
  32 gnolls
  A howler monkey skeleton (D:7)
  2 shadow imps
  4 white imps
  3 ufetubi
  3 adder skeletons
  6 adder zombies
  7 worms
  4 dart slugs
  3 leopard geckos
  77 orcs
  7 bats
  5 giant cockroaches
  6 goblins
  5 hobgoblins
  14 jackals
  7 quokkas
  A ball python (D:2)
  3 frilled lizards
  A giant cockroach zombie (D:6)
  A gnoll zombie (Ossuary)
  5 goblin zombies (Ossuary)
  5 hobgoblin zombies (Ossuary)
  A jackal skeleton (D:6)
  2 jackal zombies (Ossuary)
  16 kobolds
  3 kobold zombies (Ossuary)
  A leopard gecko skeleton (D:4)
  2 quokka skeletons
  4 quokka zombies (Ossuary)
  9 rats
  3 rat zombies (Ossuary)
743 creatures vanquished.

Vanquished Creatures (others)
  An alligator (Swamp:2)
  A centaur skeleton (D:11)
  5 foxfires
  36 fungi
  A lurking horror (Lair:6)
  98 plants
142 creatures vanquished.

Grand Total: 885 creatures vanquished

Notes
Turn   | Place    | Note
-------+----------+-------------------------------------------
     0 | D:1      | biomisha the Spriggan Conjurer began the quest for the Orb.
     0 | D:1      | Reached XP level 1. HP: 9/9 MP: 5/5
   450 | D:1      | Reached XP level 2. HP: 13/13 MP: 4/6
   991 | D:2      | Reached skill level 3 in Spellcasting
  1071 | D:2      | Reached XP level 3. HP: 16/16 MP: 2/8
  1074 | D:2      | Learned a level 2 spell: Searing Ray
  1471 | D:2      | Reached XP level 4. HP: 21/21 MP: 4/9
  2309 | D:3      | Learned a level 3 spell: Dazzling Flash
  2314 | D:3      | Learned a level 4 spell: Iskenderun's Mystic Blast
  2500 | D:3      | Noticed a phantom
  2622 | D:3      | Noticed a phantom
  2747 | D:3      | Killed a phantom
  2748 | D:3      | Reached skill level 4 in Spellcasting
  2748 | D:3      | Reached skill level 1 in Translocations
  2748 | D:3      | Reached XP level 5. HP: 24/24 MP: 0/12
  2868 | D:3      | Killed a phantom
  2869 | D:3      | Reached XP level 6. HP: 18/28 MP: 2/14
  3699 | D:4      | Reached skill level 5 in Spellcasting
  4291 | D:4      | Reached XP level 7. HP: 32/32 MP: 9/16
  4627 | D:5      | Entered Level 5 of the Dungeon
  4630 | D:5      | Reached skill level 5 in Conjurations
  4699 | D:5      | Noticed Pikel
  4700 | D:5      | Reached skill level 6 in Spellcasting
  4815 | D:5      | Noticed Sigmund
  4830 | D:5      | Found a sacrificial altar of Ru.
  5126 | D:5      | Killed Pikel
  5127 | D:5      | Reached skill level 7 in Spellcasting
  5127 | D:5      | Reached skill level 5 in Translocations
  5127 | D:5      | Reached XP level 8. HP: 36/36 MP: 8/19
  5367 | D:5      | Found Taozusm's Gadget Boutique.
  5396 | D:5      | Found a white marble altar of Elyvilon.
  5599 | D:5      | Noticed Eustachio
  5612 | D:5      | Reached skill level 5 in Stealth
  6195 | D:5      | Killed Eustachio
  6308 | D:5      | Killed Sigmund
  6309 | D:5      | Reached skill level 8 in Spellcasting
  7237 | D:6      | Noticed Grinder
  7299 | D:6      | Reached XP level 9. HP: 39/39 MP: 8/22
  7720 | D:6      | Found a radiant altar of Vehumet.
  7726 | D:6      | Became a worshipper of Vehumet
  7939 | D:6      | Reached skill level 9 in Spellcasting
  8119 | D:6      | Killed Grinder
  8669 | D:7      | Found a huge runed translucent gate.
  8670 | D:7      | Found a huge runed translucent gate.
  8670 | D:7      | Noticed a polar bear
  8670 | D:7      | Noticed a death yak
  8780 | D:7      | Reached * piety under Vehumet
  8780 | D:7      | Offered knowledge of Freeze by Vehumet.
  8900 | D:7      | Learned a level 2 spell: Slow
  8946 | D:7      | Reached skill level 1 in Short Blades
  8946 | D:7      | Reached skill level 1 in Hexes
  8996 | D:7      | Noticed a polar bear
  9177 | D:7      | Reached skill level 10 in Spellcasting
  9811 | D:7      | Found a staircase to the Ecumenical Temple.
 10149 | D:7      | Found a huge runed translucent gate.
 10149 | D:7      | Found a huge runed translucent gate.
 10149 | D:7      | Noticed a death yak
 10149 | D:7      | Noticed a polar bear
 10149 | D:7      | Noticed a polar bear
 10149 | D:7      | Noticed a polar bear
 10149 | D:7      | Noticed a polar bear
 10378 | D:8      | Found a sand-covered staircase.
 10415 | D:8      | Learned a level 3 spell: Mephitic Cloud
 10420 | Ossuary  | Entered an ossuary
 10546 | Ossuary  | Reached ** piety under Vehumet
 10546 | Ossuary  | Offered knowledge of Sandblast by Vehumet.
 10919 | Ossuary  | Reached XP level 10. HP: 44/44 MP: 23/25
 10990 | Ossuary  | Offered knowledge of Static Discharge by Vehumet.
 11254 | D:8      | Found a hazy altar of Hepliaklqana.
 11282 | D:8      | Reached *** piety under Vehumet
 11583 | D:8      | Noticed Harold
 12099 | D:8      | Reached skill level 5 in Dodging
 12268 | D:8      | Killed Harold
 12269 | D:8      | Reached skill level 11 in Spellcasting
 12465 | D:9      | Found an ancient bone altar of Kikubaaqudgha.
 12466 | D:9      | Found a glowing silver altar of Zin.
 12468 | D:9      | Found a shimmering blue altar of Sif Muna.
 12469 | D:9      | Found a stormy altar of Qazlal.
 12914 | D:9      | Offered knowledge of Olgreb's Toxic Radiance by Vehumet.
 12920 | D:9      | Learned a level 4 spell: Olgreb's Toxic Radiance
 12925 | D:9      | Reached skill level 5 in Hexes
 13316 | D:9      | Found a large runed translucent door.
 13316 | D:9      | Found a large runed translucent door.
 13317 | D:9      | Noticed Demosthentine's ghost (journeyman FoFi)
 13425 | D:9      | Reached skill level 1 in Fighting
 13425 | D:9      | Reached skill level 10 in Stealth
 13786 | D:9      | Found a staircase to the Orcish Mines.
 13817 | D:9      | Noticed an orange crystal statue
 13930 | D:10     | Entered Level 10 of the Dungeon
 14001 | D:10     | Reached XP level 11. HP: 44/49 MP: 16/27
 14306 | D:10     | Reached skill level 5 in Short Blades
 14385 | D:10     | Reached **** piety under Vehumet
 14768 | D:10     | Offered knowledge of Hailstorm by Vehumet.
 14793 | D:10     | Learned a level 4 spell: Hailstorm
 14830 | D:10     | Reached skill level 1 in Poison Magic
 14940 | D:10     | Found a staircase to the Lair.
 15645 | D:11     | Noticed a five-headed hydra
 15871 | D:11     | Noticed a six-headed hydra
 16192 | D:11     | Killed a five-headed hydra
 16657 | D:11     | Reached skill level 1 in Air Magic
 16848 | D:11     | Noticed an unseen horror
 17028 | D:11     | Found an ornate altar of the Wu Jian Council.
 17028 | D:11     | Found a hide-covered altar of Uskayaw.
 17028 | D:11     | Noticed a boulder beetle
 17749 | D:11     | Killed a six-headed hydra
 18050 | D:12     | Noticed Maurice
 18066 | D:12     | Killed Maurice
 18386 | D:12     | Noticed Rupert
 18395 | D:12     | Reached ***** piety under Vehumet
 18463 | D:12     | Paralysed by Rupert for 6 turns
 18472 | D:12     | Killed Rupert
 18472 | D:12     | Offered knowledge of Conjure Ball Lightning by Vehumet.
 18473 | D:12     | Reached skill level 5 in Poison Magic
 18473 | D:12     | Reached XP level 12. HP: 54/54 MP: 3/28
 18572 | D:12     | Reached skill level 12 in Spellcasting
 18652 | D:12     | Noticed a boulder beetle
 18674 | D:12     | Killed a boulder beetle
 19151 | D:13     | Found a gate to the Vaults.
 19151 | D:13     | Noticed an ironheart preserver
 19801 | D:13     | Noticed a centaur warrior
 19980 | Lair:1   | Entered Level 1 of the Lair of Beasts
 20605 | Lair:1   | Noticed a five-headed hydra
 20751 | Lair:1   | Found a runed translucent door.
 20842 | Lair:1   | Found a runed translucent door.
 20842 | Lair:1   | Noticed Maimakterion's ghost (journeyman VSEn)
 21246 | Lair:1   | Found a burning altar of Makhleb.
 21287 | Lair:1   | Noticed a seven-headed hydra
 21438 | Lair:1   | Killed a five-headed hydra
 21744 | Lair:1   | Killed a seven-headed hydra
 21745 | Lair:1   | Reached skill level 13 in Spellcasting
 21864 | Lair:1   | Got a faintly glowing hat
 21872 | Lair:1   | Noticed a boulder beetle
 21872 | Lair:1   | Noticed a boulder beetle
 21882 | Lair:1   | Identified the +1 hat of Imecw {rC+} (You found it on level
                  | 1 of the Lair of Beasts)
 22109 | Lair:2   | Reached XP level 13. HP: 60/60 MP: 27/31
 22415 | Lair:2   | Noticed Urug
 22444 | Lair:2   | Found a burning altar of Makhleb.
 22969 | Lair:2   | Offered knowledge of Iron Shot by Vehumet.
 23022 | Lair:2   | Killed Urug
 24776 | Lair:4   | Found a staircase to the Swamp.
 25092 | Lair:4   | Reached skill level 14 in Spellcasting
 25408 | Lair:4   | Found a staircase to the Snake Pit.
 26261 | Lair:5   | Found a glowing golden altar of the Shining One.
 26467 | Lair:5   | Reached skill level 5 in Fighting
 26953 | Lair:5   | Reached skill level 15 in Spellcasting
 27017 | Lair:5   | Reached XP level 14. HP: 63/68 MP: 23/34
 27258 | Lair:6   | Entered Level 6 of the Lair of Beasts
 27324 | Lair:5   | Reached skill level 10 in Conjurations
 27753 | Lair:6   | Found a one-way gate to the infinite horrors of the Abyss.
 27753 | Lair:6   | Found a corrupted altar of Lugonu.
 27783 | Lair:6   | Found a broken altar of Ashenzari.
 29349 | Lair:6   | Reached skill level 16 in Spellcasting
 32741 | Lair:6   | Offered knowledge of Spellforged Servitor by Vehumet.
 33235 | Orc:1    | Entered Level 1 of the Orcish Mines
 33239 | Orc:1    | Found Nyveqipp's Assorted Antiques.
 33390 | Orc:2    | Entered Level 2 of the Orcish Mines
 33714 | Orc:2    | Reached skill level 10 in Dodging
 34702 | Orc:2    | Found a staircase to the Elven Halls.
 34766 | Orc:2    | Found Idwulatt's General Store.
 34771 | Orc:2    | Found Onu Dati's Distillery.
 34818 | Orc:2    | Reached skill level 15 in Stealth
 34910 | Orc:2    | Reached XP level 15. HP: 72/72 MP: 28/36
 35281 | Orc:2    | Reached skill level 17 in Spellcasting
 35482 | Orc:2    | Found a roughly hewn altar of Beogh.
 35609 | Orc:2    | Found Vurcha's Jewellery Shop.
 35609 | Orc:2    | Found Dempots's Assorted Antiques.
 35625 | Orc:2    | Bought a cabochon ring for 155 gold pieces
 35625 | Orc:2    | Bought a runed robe for 114 gold pieces
 35744 | Orc:1    | Found Izynawni's Assorted Antiques.
 35779 | Orc:1    | Found Feoxte's Distillery.
 35866 | Orc:1    | Found Hepuon's Distillery.
 36396 | Elf:1    | Entered Level 1 of the Elven Halls
 36605 | Swamp:1  | Entered Level 1 of the Swamp
 37146 | Swamp:1  | Paralysed by a hornet for 2 turns
 37677 | Swamp:1  | Offered knowledge of Yara's Violent Unravelling by Vehumet.
 37749 | Swamp:1  | Learned a level 5 spell: Yara's Violent Unravelling
 38467 | Swamp:2  | Killed from afar by a will-o-the-wisp

Illustrated notes

Levels and vault maps discovered:
D:1:      roderic_crop_circles_arrival_small, layout_basic, minmay_hexomino_f4
D:2:      layout_loops_ring
D:3:      layout_basic
D:4:      layout_cave_pools
D:5:      layout_layer_cave, overflow_temple_1_default,
          lemuel_coloured_pillars_altar, serial_shops,
          nicolae_shop_window_shopping, uniq_sigmund, uniq_pikel, uniq_eustachio
D:6:      layout_cave_pods, vehumet_crystals, uniq_grinder
D:7:      lemuel_bear_cage, layout_cave_pools, temple_doors_e,
          serial_co_window_serial, co_window_paths_a, co_window_paths_a,
          co_window_paths_b, co_window_corner_a, co_window_paths_a,
          co_window_corner_b, co_window_of_opportunity_c, co_window_2corner,
          co_window_corner_ca, co_window_sun, co_window_paths_d
D:8:      layout_cave_pools, lemuel_round_altar, gup_ossuary_entry_pyramid,
          minmay_increasing_density, uniq_harold
D:9:      layout_roguey, minitemple, orc_0_dummy, ebering_ghost_disaster_area,
          serial_glass, glass_columns_a, glass_columns_a, minivault_16,
          minmay_ruffians
D:10:     layout_stronghold, erik_lair_dragon
D:11:     layout_rooms, nzn_masters_of_martial_movement
D:12:     layout_rooms, uniq_rupert, uniq_maurice
D:13:     layout_roguey, skrybe_vaults_entry_preservation, ebering_ghost_xom,
          uniq_kirke
Lair:1:   gammafunk_indiana_jones, layout_gridlike, gammafunk_ghost_grave,
          basic_altar, serial_bayou_shore_a
Lair:2:   layout_cave_pods, basic_altar, uniq_urug
Lair:3:   layout_regular_city, minmay_lair_oklob_chamber
Lair:4:   layout_hall_layers, swamp_mist_pool,
          minmay_snake_entry_guardpost_small, grunt_forest_small_clearings,
          grunt_megastairs_2
Lair:5:   beast_lair_carwin_large_1, layout_gridlike, basic_altar,
          patterned_corridor
Lair:6:   due_jungle_book, layout_regular_city,
          minmay_slime_entry_oklob_enclosed, portal_ice_cave_rime, basic_altar,
          serial_bayou_pond_c, serial_bayou_pond_b,
          amcnicky_altar_lugonu_corruption
Swamp:1:  layout_basic_swamp, infiniplex_staircase_pool,
          nicolae_swamp_hydra_murder_den
Swamp:2:  layout_falls_marsh, hangedman_swamp_cone
Orc:1:    layout_caves, serial_shops, nicolae_shop_competitors_out_of_business,
          nicolae_shop_statue_plus, shop, nicolae_shop_trees
Orc:2:    st_orc_ogre_mass, layout_caves, nicolae_orc_lost_temple
Elf:1:    minmay_elf_arrival_summoners, layout_loops_corners, enter_trove_2,
          evilmike_minifort, drop_trap, uniq_roxanne

Skill      XL: |  1  2  3  4  5  6  7  8  9 10 11 12 13 14 15 |
---------------+----------------------------------------------+-----
Conjurations   | 3 4 5 6 7 8 9 10 11 | 11.0
Spellcasting   | 3 4 5 7 8 10 11 13 15 16 17 | 17.6
Translocations | 1 2 3 5 6 7 8 9 |  9.7
Stealth        | 4 6 8 10 12 13 14 15 16 | 16.0
Dodging        | 4 6 8 9 10 11 | 11.8
Short Blades   | 2 4 6 |  6.0
Hexes          | 2 5 6 |  6.0
Fighting       | 1 2 3 5 |  5.7
Poison Magic   | 5 6 7 8 |  8.4
Air Magic      | 1 2 |  2.3

Action                   |  1- 3 |  4- 6 |  7- 9 | 10-12 | 13-15 || total
-------------------------+-------+-------+-------+-------+-------++-------
Melee: Unarmed           |     6 |       |       |       |       ||     6
       Dagger            |       |     6 |    87 |   192 |    35 ||   320
 Cast: Magic Dart        |    53 |    95 |   274 |   199 |   222 ||   843
       Searing Ray       |     4 |    28 |    79 |   192 |   314 ||   617
       Iskenderun's Myst |       |       |       |    49 |   165 ||   214
       Mephitic Cloud    |       |       |       |    14 |     6 ||    20
       Olgreb's Toxic Ra |       |       |       |    12 |    75 ||    87
  Use: Scroll            |     5 |     3 |     9 |    11 |    12 ||    40
       Potion            |       |       |     1 |       |       ||     1
 Stab: Sleeping          |       |     1 |     4 |    26 |     8 ||    39
       Distracted        |       |       |       |     2 |       ||     2
       Confused          |       |       |       |     1 |     1 ||     2
Armor: Robe              |     2 |     4 |    13 |    23 |    14 ||    56
Dodge: Dodged            |    13 |    15 |   100 |   266 |   235 ||   629

Table legend: (Time is in decaauts)
 A = Elapsed time spent in this place.
 B = Non-inter-level travel time spent in this place.
 C = Inter-level travel time spent in this place.
 D = Time resting spent in this place.
 E = Time spent auto-exploring this place.
 F = Levels seen in this place.
 G = Mean time per level.
                   A        B        C        D        E       F      G
               +--------+--------+--------+--------+--------+-----+--------+
         Total |  31070 |  29275 |   1795 |  15654 |   2179 |  25 | 1242.8 |
       Dungeon |  15965 |  15127 |    838 |   7635 |   1885 |  13 | 1228.1 |
          Lair |  10502 |   9804 |    698 |   5568 |    147 |   6 | 1750.3 |
         Swamp |   1376 |   1260 |    116 |    705 |      0 |   2 |  688.0 |
  Orcish Mines |   2679 |   2538 |    141 |   1484 |    146 |   2 | 1339.5 |
   Elven Halls |      3 |      3 |      0 |      0 |      0 |   1 |    3.0 |
       Ossuary |    542 |    542 |      0 |    262 |      0 |   1 |  542.0 |
               +--------+--------+--------+--------+--------+-----+--------+

Top non-repeatable levels by time:
  Lair:6: 4772 daAuts
    D:10: 2665 daAuts
     D:6: 1625 daAuts
  Lair:1: 1503 daAuts
     D:5: 1459 daAuts
     D:7: 1436 daAuts
   Orc:2: 1377 daAuts
   Orc:1: 1302 daAuts
  Lair:5: 1274 daAuts
     D:9: 1262 daAuts
     D:8: 1208 daAuts
  Lair:4: 1174 daAuts
 Swamp:1: 1142 daAuts
     D:2: 1071 daAuts
  Lair:3: 1051 daAuts
